 Dungeon Crawl Stone Soup version 0.16-a0-783-gf476f6a (webtiles) character file.

17 RobertPalmer the Ogre Mage (level 2, -1/24 HPs)
             Began as an Ogre Wizard on Sept 26, 2014.
             Slain by a kobold
             ... wielding a +0 short sword
              (6 damage)
             ... on Level 1 of the Dungeon.
             The game lasted 00:01:51 (943 turns).

RobertPalmer the Ogre Mage (Ogre Wizard)             Turns: 943, Time: 00:01:52

HP  -1/24        AC  3     Str 11      XL: 2   Next: 62%
MP   6/6         EV 10     Int 17      God:
Gold 39          SH  0     Dex  8      Spells:  1 memorised,  7 levels left

rFire  . . .     SeeInvis .     e - -1 club (curse)
rCold  . . .     Clarity  .     a - +0 robe
rNeg   . . .     rCorr    .     (shield restricted)
rPois  .         rRot     .     b - +0 hat
rElec  .         Spirit   .     (no cloak)
SustAb .         Warding  .     (gloves unavailable)
rMut   .         Stasis   .     (boots unavailable)
Gourm  .                        g - amulet of rage
MR     .....                    (no ring)
                                (no ring)

@: not resistant to hostile enchantments, very unstealthy
A: unfitting armour, tough skin 1
a: Evoke Berserk Rage


You were on level 1 of the Dungeon.
You were not hungry.

You visited 1 branch of the dungeon, and saw 1 of its levels.

You collected 39 gold pieces.


Innate Abilities, Weirdness & Mutations

You are too large for most types of armour.
You have tough skin (AC +1).


   Skills:
 + Level 2.5 Maces & Flails
 - Level 2.0 Dodging
 - Level 1.5 Stealth
 - Level 3.6 Spellcasting
 - Level 0.6 Conjurations
   Level 0.6 Summonings
   Level 0.6 Translocations


You had 7 spell levels left.
You knew the following spells:

 Your Spells              Type           Power        Failure   Level  Hunger
z - Magic Dart            Conj           #...         14%         1    None

Inventory:

Hand weapons
 e - a cursed -1 club (weapon)
Armour
 a - a +0 robe (worn)
 b - a +0 hat (worn)
Comestibles
 d - a meat ration
 f - 3 fruits
Jewellery
 g - an amulet of rage (around neck)
Books
 c - a book of Minor Magic

Dungeon Overview and Level Annotations

Branches:
Dungeon (1/15)

Altars:

.....
#.##.<..#..##..##..
.....#.##...##...'..##..
...........###..##.##..
...#.....###...#..##..
#.#...##....#..##..
#.#..###...##..####
#....##....#...# #
#...###...###..####
#.@.# )...##.......
........K####..
#....####
#......###....##.....#..
#......................#
#...............#......#
.....#................#
....#.................
.....................
.........>.%......


You could see a kobold.


Message History

The hobgoblin is severely wounded.
The hobgoblin closely misses you.
You hit the hobgoblin but do no damage.
The hobgoblin is severely wounded.
The hobgoblin hits you.
* * * LOW HITPOINT WARNING * * *
The hobgoblin barely misses you.
You are too injured to fight recklessly!
Aiming: Magic Dart
Aim: a hobgoblin (severely wounded)
The magic dart hits the hobgoblin.
The hobgoblin is almost dead.
The hobgoblin closely misses you.
You hit the hobgoblin.
You kill the hobgoblin!
The kobold hits you but does no damage.
You are too injured to fight recklessly!
You are too injured to fight recklessly!
You are too injured to fight recklessly!
You closely miss the kobold. The kobold hits you but does no damage.
All of the chunks of flesh in your inventory have rotted away.
You closely miss the kobold. The kobold hits you with a short sword.
* * * LOW HITPOINT WARNING * * *
You barely miss the kobold. The kobold hits you with a short sword.
* * * LOW HITPOINT WARNING * * *
You closely miss the kobold. The kobold hits you with a short sword.
* * * LOW HITPOINT WARNING * * *
You barely miss the kobold. The kobold closely misses you.
You closely miss the kobold. The kobold hits you with a short sword.
You die...

Action                   || total
-------------------------++-------
Melee: Club              ||    61
       Unarmed           ||    20
 Cast: Magic Dart        ||    20

Vault maps used:
D:1:      dpeg_arrival_long_road, serial_bayou_pond_c, minmay_lizard_king

Notes
Turn   | Place    | Note
--------------------------------------------------------------
     0 | D:1      | RobertPalmer, the Ogre Wizard, began the quest for the Orb.
     0 | D:1      | Reached XP level 1. HP: 16/16 MP: 4/4
   208 | D:1      | Reached skill level 2 in Dodging
   263 | D:1      | Reached skill level 1 in Maces & Flails
   407 | D:1      | Reached XP level 2. HP: 13/24 MP: 4/6
   558 | D:1      | Reached skill level 2 in Maces & Flails
   943 | D:1      | Slain by a kobold

Vanquished Creatures
  4 bats (D:1)
  A giant cockroach (D:1)
  A goblin (D:1)
  4 hobgoblins (D:1)
  2 kobolds (D:1)
  2 rats (D:1)
14 creatures vanquished.
